Warning! The script has encountered some errors when parsing the replay. Please report them to the . » details
0x6C, prev: 0x19: 16 02 01 00 DF 15 00 00 B6 03 04 00 19 68 [6C] 73 75 52 BF 00 00 8B 0A 04 00 04 26 00 16 02 01 00 62 B3 00 00 68 B3 00 00 16 01 01 00 42 B3 00 00 48 B3 00 00 1A 19 72 74 73 6F 42 B3 00 00 48 B3 00 00 03 0F 00 10 40 00 31 67 7A 75 FF FF FF FF FF FF FF FF
0x15, prev: 0x75: 16 02 01 00 DD A0 00 00 B7 CE 00 00 19 68 6C 73 75 DF [15] 00 00 B6 03 04 00
0x00, prev: 0x15: 16 02 01 00 DD A0 00 00 B7 CE 00 00 19 68 6C 73 75 DF 15 00 [00] B6 03 04 00
0x00, prev: 0x03: 16 02 01 00 DD A0 00 00 B7 CE 00 00 19 68 6C 73 75 DF 15 00 00 B6 03 04 [00]
0xBF, prev: 0x75: 16 02 01 00 DF 15 00 00 B6 03 04 00 19 68 6C 73 75 52 [BF] 00 00 8B 0A 04 00 04 26 00 16 02 01 00 62 B3 00 00 68 B3 00 00 16 01 01 00 42 B3 00 00 48 B3 00 00 1A 19 72 74 73 6F 42 B3 00 00 48 B3 00 00 03 0F 00 10 40 00 31 67 7A 75 FF FF FF FF FF FF FF FF
0x00, prev: 0xBF: 16 02 01 00 DF 15 00 00 B6 03 04 00 19 68 6C 73 75 52 BF 00 [00] 8B 0A 04 00 04 26 00 16 02 01 00 62 B3 00 00 68 B3 00 00 16 01 01 00 42 B3 00 00 48 B3 00 00 1A 19 72 74 73 6F 42 B3 00 00 48 B3 00 00 03 0F 00 10 40 00 31 67 7A 75 FF FF FF FF FF FF FF FF
0x0A, prev: 0x00: 16 02 01 00 DF 15 00 00 B6 03 04 00 19 68 6C 73 75 52 BF 00 00 8B [0A] 04 00 04 26 00 16 02 01 00 62 B3 00 00 68 B3 00 00 16 01 01 00 42 B3 00 00 48 B3 00 00 1A 19 72 74 73 6F 42 B3 00 00 48 B3 00 00 03 0F 00 10 40 00 31 67 7A 75 FF FF FF FF FF FF FF FF
0x00, prev: 0x0A: 16 02 01 00 DF 15 00 00 B6 03 04 00 19 68 6C 73 75 52 BF 00 00 8B 0A 04 [00] 04 26 00 16 02 01 00 62 B3 00 00 68 B3 00 00 16 01 01 00 42 B3 00 00 48 B3 00 00 1A 19 72 74 73 6F 42 B3 00 00 48 B3 00 00 03 0F 00 10 40 00 31 67 7A 75 FF FF FF FF FF FF FF FF
0x6F, prev: 0x19: 16 02 0C 00 CF AD 00 00 7E 2F 01 00 10 08 00 00 48 CD 05 00 C5 1F 00 00 17 70 05 00 3D 2F 00 00 9D 3A 06 00 69 44 00 00 E2 27 01 00 BC 96 00 00 C0 33 05 00 62 98 00 00 F4 76 01 00 94 9A 00 00 AB 50 05 00 6B A2 00 00 44 C2 04 00 AE A5 00 00 A2 97 01 00 2B AB 00 00 52 12 01 00 24 BB 00 00 76 3A 06 00 19 64 [6F] 61 75 87 AF 00 00 6C C0 00 00
0xAF, prev: 0x75: 16 02 0C 00 CF AD 00 00 7E 2F 01 00 10 08 00 00 48 CD 05 00 C5 1F 00 00 17 70 05 00 3D 2F 00 00 9D 3A 06 00 69 44 00 00 E2 27 01 00 BC 96 00 00 C0 33 05 00 62 98 00 00 F4 76 01 00 94 9A 00 00 AB 50 05 00 6B A2 00 00 44 C2 04 00 AE A5 00 00 A2 97 01 00 2B AB 00 00 52 12 01 00 24 BB 00 00 76 3A 06 00 19 64 6F 61 75 87 [AF] 00 00 6C C0 00 00
0x00, prev: 0xAF: 16 02 0C 00 CF AD 00 00 7E 2F 01 00 10 08 00 00 48 CD 05 00 C5 1F 00 00 17 70 05 00 3D 2F 00 00 9D 3A 06 00 69 44 00 00 E2 27 01 00 BC 96 00 00 C0 33 05 00 62 98 00 00 F4 76 01 00 94 9A 00 00 AB 50 05 00 6B A2 00 00 44 C2 04 00 AE A5 00 00 A2 97 01 00 2B AB 00 00 52 12 01 00 24 BB 00 00 76 3A 06 00 19 64 6F 61 75 87 AF 00 [00] 6C C0 00 00
0xC0, prev: 0x00: 16 02 0C 00 CF AD 00 00 7E 2F 01 00 10 08 00 00 48 CD 05 00 C5 1F 00 00 17 70 05 00 3D 2F 00 00 9D 3A 06 00 69 44 00 00 E2 27 01 00 BC 96 00 00 C0 33 05 00 62 98 00 00 F4 76 01 00 94 9A 00 00 AB 50 05 00 6B A2 00 00 44 C2 04 00 AE A5 00 00 A2 97 01 00 2B AB 00 00 52 12 01 00 24 BB 00 00 76 3A 06 00 19 64 6F 61 75 87 AF 00 00 6C [C0] 00 00
0x00, prev: 0xC0: 16 02 0C 00 CF AD 00 00 7E 2F 01 00 10 08 00 00 48 CD 05 00 C5 1F 00 00 17 70 05 00 3D 2F 00 00 9D 3A 06 00 69 44 00 00 E2 27 01 00 BC 96 00 00 C0 33 05 00 62 98 00 00 F4 76 01 00 94 9A 00 00 AB 50 05 00 6B A2 00 00 44 C2 04 00 AE A5 00 00 A2 97 01 00 2B AB 00 00 52 12 01 00 24 BB 00 00 76 3A 06 00 19 64 6F 61 75 87 AF 00 00 6C C0 00 [00]
0x6D, prev: 0x19: 16 02 07 00 CF AD 00 00 7E 2F 01 00 84 03 00 00 1B E7 0A 00 69 44 00 00 E2 27 01 00 F1 93 00 00 5A 6A 0B 00 70 B5 00 00 67 0A 0B 00 6A C7 00 00 EB D8 09 00 8E C7 00 00 48 55 09 00 19 67 [6D] 61 48 B3 A9 00 00 7D 23 01 00
0x48, prev: 0x6D: 16 02 07 00 CF AD 00 00 7E 2F 01 00 84 03 00 00 1B E7 0A 00 69 44 00 00 E2 27 01 00 F1 93 00 00 5A 6A 0B 00 70 B5 00 00 67 0A 0B 00 6A C7 00 00 EB D8 09 00 8E C7 00 00 48 55 09 00 19 67 6D 61 [48] B3 A9 00 00 7D 23 01 00
0xA9, prev: 0x48: 16 02 07 00 CF AD 00 00 7E 2F 01 00 84 03 00 00 1B E7 0A 00 69 44 00 00 E2 27 01 00 F1 93 00 00 5A 6A 0B 00 70 B5 00 00 67 0A 0B 00 6A C7 00 00 EB D8 09 00 8E C7 00 00 48 55 09 00 19 67 6D 61 48 B3 [A9] 00 00 7D 23 01 00
0x00, prev: 0xA9: 16 02 07 00 CF AD 00 00 7E 2F 01 00 84 03 00 00 1B E7 0A 00 69 44 00 00 E2 27 01 00 F1 93 00 00 5A 6A 0B 00 70 B5 00 00 67 0A 0B 00 6A C7 00 00 EB D8 09 00 8E C7 00 00 48 55 09 00 19 67 6D 61 48 B3 A9 00 [00] 7D 23 01 00
0x23, prev: 0x00: 16 02 07 00 CF AD 00 00 7E 2F 01 00 84 03 00 00 1B E7 0A 00 69 44 00 00 E2 27 01 00 F1 93 00 00 5A 6A 0B 00 70 B5 00 00 67 0A 0B 00 6A C7 00 00 EB D8 09 00 8E C7 00 00 48 55 09 00 19 67 6D 61 48 B3 A9 00 00 7D [23] 01 00
0x00, prev: 0x23: 16 02 07 00 CF AD 00 00 7E 2F 01 00 84 03 00 00 1B E7 0A 00 69 44 00 00 E2 27 01 00 F1 93 00 00 5A 6A 0B 00 70 B5 00 00 67 0A 0B 00 6A C7 00 00 EB D8 09 00 8E C7 00 00 48 55 09 00 19 67 6D 61 48 B3 A9 00 00 7D 23 01 [00]
General information
- name: BNet
- type: Ladder team game (AT/RT)
- host: Battle.net
- saver: IHATEORCS
map: GoldRush
- players: 8
- length: 37:16
- speed: Fast
- version: 1.26 W3XP
- replay type: Public
» download(202 KB)
Players
team 1 (loser)

»
Bloodelves (
yellow | 37 APM | 896 actions | 24:28)
2 Archmage
1 Blizzard
1 Summon Water Elemental
2 Paladin
1 Holy Light
1 Divine Shield
1 Blood Mage
1 Flame Strike
» actions
| Basic commands | 23 | |
| Build / train | 84 | |
| Enter build submenu | 27 | |
| Enter hero's abilities submenu | 5 | |
| Give item / drop item | 1 | |
| Remove unit from queue | 6 | |
| Right click | 247 | |
| Select / deselect | 424 | |
| Use ability | 79 | |
896 total
» units
| Peasant | 20 | |
| Footman | 10 | |
| Gryphon Rider | 4 | |
| Siege Engine | 4 | |
| Dragonhawk Rider | 1 | |
39 total
» upgrades
| Defend | 1 | |
| Masonry | 2 | |
| Lumber Harvesting | 1 | |
| Swords | 1 | |
| Plating | 1 | |
| Storm Hammers | 1 | |
| Barrage | 1 | |
| Armor | 1 | |
| Cloud | 1 | |
| Flying Machine Bombs | 1 | |
11 total
» buildings
| Altar of Kings | 1 | |
| Farm | 7 | |
| Lumber Mill | 1 | |
| Scout Tower | 5 | |
| Barracks | 1 | |
| Guard Tower | 5 | |
| Arcane Tower | 2 | |
| Arcane Vault | 2 | |
| Keep | 1 | |
| Blacksmith | 1 | |
| Castle | 1 | |
| Gryphon Aviary | 2 | |
| Town Hall | 1 | |
| Workshop | 2 | |
32 total
» build order
00:15 Altar of Kings
00:27 Farm
00:35 Lumber Mill
01:25 Farm
01:40 Scout Tower
02:04 Barracks
02:12 Farm
02:45 Guard Tower
02:50 Scout Tower
03:23 Arcane Tower
03:36 Arcane Vault
04:46 Keep
05:51 Farm
05:56 Farm
06:12 Farm
07:01 Scout Tower
07:09 Blacksmith
08:29 Castle
08:33 Gryphon Aviary
08:37 Gryphon Aviary
10:45 Town Hall
10:51 Guard Tower
12:38 Workshop
13:19 Guard Tower
13:21 Arcane Tower
14:37 Scout Tower
15:17 Scout Tower
15:18 Guard Tower
16:57 Guard Tower
17:00 Arcane Vault
18:04 Farm
19:45 Workshop
» items
| Scroll of Regeneration | 3 | |
| Scroll of Town Portal | 1 | |
| Ivory Tower | 2 | |
| Orb of Fire | 2 | |
| Staff of Sanctuary | 1 | |
| Potion of Healing | 2 | |
11 total
Sylvanas-W. (
pink | 51 APM | 1092 actions | 21:32)
4 Death Knight
2 Death Coil
2 Unholy Aura
1 Dreadlord
1 Vampiric Aura
» actions
| Basic commands | 3 | |
| Build / train | 73 | |
| Enter build submenu | 16 | |
| Enter hero's abilities submenu | 5 | |
| Give item / drop item | 1 | |
| Remove unit from queue | 4 | |
| Right click | 622 | |
| Select / deselect | 318 | |
| Use ability | 50 | |
1092 total
» units
| Acolyte | 22 | |
| Ghoul | 13 | |
| Obsidian Statue | 1 | |
| Abomination | 6 | |
42 total
» upgrades
| Unholy Armor | 2 | |
| Unholy Strength | 2 | |
| Ghoul Frenzy | 1 | |
| Disease Cloud | 1 | |
6 total
» buildings
| Ziggurat | 7 | |
| Altar of Darkness | 1 | |
| Crypt | 1 | |
| Tomb of Relics | 1 | |
| Nerubian Tower | 3 | |
| Graveyard | 1 | |
| Halls of the Dead | 1 | |
| Sacrificial Pit | 1 | |
| Slaughterhouse | 2 | |
| Black Citadel | 1 | |
| Spirit Tower | 3 | |
22 total
» build order
00:06 Ziggurat
00:08 Altar of Darkness
00:11 Crypt
00:58 Ziggurat
01:30 Tomb of Relics
02:01 Nerubian Tower
02:19 Graveyard
02:32 Ziggurat
02:39 Nerubian Tower
04:21 Halls of the Dead
07:20 Sacrificial Pit
08:38 Slaughterhouse
08:41 Slaughterhouse
08:43 Black Citadel
10:59 Spirit Tower
11:05 Ziggurat
11:08 Ziggurat
11:10 Ziggurat
11:12 Ziggurat
13:21 Spirit Tower
14:04 Nerubian Tower
17:02 Spirit Tower
» items
| Dust of Appearance | 1 | |
| Rod of Necromancy | 1 | |
| Potion of Healing | 2 | |
| Orb of Corruption | 1 | |
| Scroll of Town Portal | 1 | |
6 total

»
Phallic_Quest (
orange | 28 APM | 729 actions | 25:57)
4 Lich
2 Frost Armor
1 Dark Ritual
1 Frost Nova
» actions
| Assign group hotkey | 18 | |
| Basic commands | 25 | |
| Build / train | 93 | |
| Enter build submenu | 35 | |
| Enter hero's abilities submenu | 4 | |
| Remove unit from queue | 9 | |
| Right click | 169 | |
| Select / deselect | 294 | |
| Select group hotkey | 31 | |
| Use ability | 51 | |
729 total
» units
| Acolyte | 14 | |
| Ghoul | 27 | |
| Crypt Fiend | 5 | |
| Gargoyle | 15 | |
61 total
» upgrades
| Cannibalize | 1 | |
| Burrow | 1 | |
| Web | 1 | |
| Creature Attack | 3 | |
| Creature Carapace | 3 | |
| Destroyer Form | 1 | |
10 total
» buildings
| Ziggurat | 17 | |
| Crypt | 3 | |
| Altar of Darkness | 1 | |
| Graveyard | 3 | |
| Halls of the Dead | 3 | |
| Black Citadel | 1 | |
| Tomb of Relics | 1 | |
| Sacrificial Pit | 1 | |
| Slaughterhouse | 1 | |
| Spirit Tower | 1 | |
| Nerubian Tower | 3 | |
| Necropolis | 3 | |
38 total
» build order
00:18 Ziggurat
00:23 Crypt
00:48 Altar of Darkness
01:05 Ziggurat
02:46 Graveyard
02:54 Halls of the Dead
03:13 Crypt
03:43 Ziggurat
07:22 Ziggurat
07:31 Ziggurat
09:13 Black Citadel
09:23 Tomb of Relics
09:32 Sacrificial Pit
11:20 Ziggurat
11:31 Ziggurat
11:34 Slaughterhouse
13:15 Ziggurat
13:19 Ziggurat
13:23 Ziggurat
13:25 Ziggurat
14:21 Ziggurat
14:23 Spirit Tower
14:38 Ziggurat
15:17 Graveyard
15:32 Graveyard
18:42 Nerubian Tower
19:40 Necropolis
19:44 Nerubian Tower
19:46 Nerubian Tower
19:56 Necropolis
20:47 Ziggurat
20:51 Ziggurat
20:55 Ziggurat
21:00 Ziggurat
21:47 Halls of the Dead
21:55 Necropolis
22:08 Crypt
22:30 Halls of the Dead
karesinda (
purple | 49 APM | 1821 actions | 37:13)
2 Priestess of the Moon
2 Trueshot Aura
» actions
| Assign group hotkey | 2 | |
| Basic commands | 22 | |
| Build / train | 53 | |
| Enter build submenu | 34 | |
| Enter hero's abilities submenu | 2 | |
| Right click | 1142 | |
| Select / deselect | 383 | |
| Select group hotkey | 119 | |
| Use ability | 64 | |
1821 total
» units
| Wisp | 16 | |
| Glaive Thrower | 3 | |
| Archer | 9 | |
| Hippogryph | 7 | |
| Acolyte | 4 | |
39 total
» upgrades
| Strength of the Moon | 2 | |
| Moon Armor | 2 | |
| Hippogryph Taming | 1 | |
| Improved Bows | 1 | |
6 total
» buildings
| Moon Well | 6 | |
| Ancient of War | 3 | |
| Altar of Elders | 1 | |
| Hunter's Hall | 1 | |
| Tree of Ages | 1 | |
| Ancient of Wind | 3 | |
| Ancient Protector | 2 | |
| Necropolis | 1 | |
| Crypt | 3 | |
| Ziggurat | 6 | |
| Spirit Tower | 2 | |
| Nerubian Tower | 1 | |
30 total
» build order
00:12 Moon Well
00:22 Ancient of War
01:58 Moon Well
02:04 Moon Well
02:12 Altar of Elders
02:37 Hunter's Hall
02:54 Ancient of War
04:34 Ancient of War
04:40 Moon Well
06:42 Tree of Ages
09:08 Ancient of Wind
09:14 Ancient of Wind
09:21 Ancient of Wind
10:30 Moon Well
10:39 Moon Well
13:06 Ancient Protector
13:28 Ancient Protector
28:08 Necropolis
28:14 Crypt
28:17 Crypt
28:22 Crypt
28:54 Ziggurat
28:56 Ziggurat
28:59 Ziggurat
30:04 Spirit Tower
30:08 Spirit Tower
30:10 Nerubian Tower
31:42 Ziggurat
31:47 Ziggurat
31:51 Ziggurat
team 2 (winner)
IHATEORCS (
teal | 63 APM | 2333 actions | 37:16)
8 Blood Mage
3 Flame Strike
3 Banish
1 Summon Phoenix
1 Siphon Mana
» actions
| Assign group hotkey | 43 | |
| Basic commands | 106 | |
| Build / train | 125 | |
| Enter build submenu | 24 | |
| Enter hero's abilities submenu | 8 | |
| Give item / drop item | 7 | |
| Remove unit from queue | 8 | |
| Right click | 954 | |
| Select / deselect | 514 | |
| Select group hotkey | 435 | |
| Select subgroup | 6 | |
| Use ability | 103 | |
2333 total
» units
| Peasant | 9 | |
| Footman | 9 | |
| Gryphon Rider | 2 | |
| Dragonhawk Rider | 4 | |
| Siege Engine | 5 | |
| Knight | 9 | |
38 total
» upgrades
| Defend | 1 | |
| Swords | 3 | |
| Masonry | 3 | |
| Lumber Harvesting | 2 | |
| Armor | 3 | |
| Animal War Training | 1 | |
| Storm Hammers | 1 | |
| Cloud | 1 | |
| Flak Cannons | 1 | |
| Barrage | 1 | |
| Plating | 3 | |
| Gunpowder | 3 | |
| Backpack | 1 | |
| Fragmentation Shards | 1 | |
| Flare | 1 | |
| Flying Machine Bombs | 1 | |
| Magic Sentry | 1 | |
| Sorceress Training | 2 | |
| Priest Training | 2 | |
| Control Magic | 1 | |
| Pulverize | 1 | |
| Spirit Walker Training | 1 | |
| Witch Doctor Training | 1 | |
| Spiked Barricades | 1 | |
| Ranged Weapons | 1 | |
38 total
» buildings
| Altar of Kings | 1 | |
| Farm | 8 | |
| Barracks | 1 | |
| Scout Tower | 3 | |
| Arcane Tower | 1 | |
| Keep | 1 | |
| Blacksmith | 1 | |
| Lumber Mill | 1 | |
| Castle | 1 | |
| Gryphon Aviary | 2 | |
| Arcane Vault | 1 | |
| Workshop | 1 | |
| Town Hall | 1 | |
| Guard Tower | 2 | |
| Arcane Sanctum | 1 | |
26 total
» build order
00:04 Altar of Kings
00:20 Farm
00:25 Barracks
01:11 Scout Tower
01:39 Farm
01:46 Arcane Tower
02:14 Farm
03:04 Farm
03:56 Keep
04:17 Farm
05:06 Blacksmith
05:16 Lumber Mill
07:08 Castle
07:54 Gryphon Aviary
09:07 Arcane Vault
09:48 Gryphon Aviary
11:47 Farm
11:54 Farm
13:02 Farm
15:15 Workshop
19:18 Town Hall
23:17 Scout Tower
23:18 Scout Tower
23:49 Guard Tower
23:50 Guard Tower
32:55 Arcane Sanctum
» items
| Boots of Speed | 1 | |
| Staff of Teleportation | 1 | |
| Potion of Invisibility | 2 | |
| Potion of Healing | 7 | |
| Scroll of Regeneration | 3 | |
| Lesser Clarity Potion | 4 | |
| Healing Salve | 2 | |
| Scroll of Town Portal | 8 | |
| Scroll of Speed | 1 | |
| Orb of Lightning | 1 | |
30 total
IHateRoy (
red | 47 APM | 1754 actions | 37:14)
9 Blademaster
3 Wind Walk
3 Critical Strike
1 Bladestorm
2 Mirror Image
» actions
| Assign group hotkey | 32 | |
| Basic commands | 75 | |
| Build / train | 98 | |
| Enter build submenu | 27 | |
| Enter hero's abilities submenu | 9 | |
| Remove unit from queue | 3 | |
| Right click | 783 | |
| Select / deselect | 412 | |
| Select group hotkey | 180 | |
| Use ability | 135 | |
1754 total
» units
| Peon | 22 | |
| Grunt | 3 | |
| Wind Rider | 8 | |
| Troll Batrider | 5 | |
| Raider | 2 | |
40 total
» upgrades
| Ranged Weapons | 3 | |
| Pillage | 1 | |
| Armor | 3 | |
| Troll Regeneration | 1 | |
| Liquid Fire | 1 | |
| Reinforced Defenses | 1 | |
| Ensnare | 1 | |
| Envenomed Spears | 1 | |
12 total
» buildings
| Altar of Storms | 1 | |
| Orc Burrow | 7 | |
| Barracks | 1 | |
| Voodoo Lounge | 1 | |
| Stronghold | 1 | |
| War Mill | 1 | |
| Watch Tower | 8 | |
| Great Hall | 2 | |
| Beastiary | 4 | |
| Fortress | 1 | |
27 total
» build order
00:22 Altar of Storms
00:30 Orc Burrow
00:56 Barracks
01:21 Orc Burrow
02:20 Voodoo Lounge
03:12 Stronghold
03:42 War Mill
05:04 Watch Tower
05:05 Watch Tower
05:33 Great Hall
05:49 Beastiary
06:01 Watch Tower
06:51 Beastiary
08:58 Orc Burrow
13:17 Orc Burrow
13:20 Orc Burrow
13:22 Fortress
14:53 Orc Burrow
14:57 Beastiary
14:58 Beastiary
19:27 Watch Tower
19:28 Watch Tower
19:28 Watch Tower
19:28 Watch Tower
19:32 Great Hall
20:13 Watch Tower
28:23 Orc Burrow
» items
| Healing Salve | 3 | |
| Boots of Speed | 1 | |
| Scroll of Town Portal | 4 | |
| Potion of Mana | 7 | |
| Lesser Clarity Potion | 8 | |
| Orb of Lightning | 1 | |
| Potion of Healing | 5 | |
| Tiny Great Hall | 2 | |
31 total
cbenner66 (
blue | 39 APM | 1119 actions | 28:25)
6 Blademaster
2 Wind Walk
2 Critical Strike
1 Mirror Image
1 Bladestorm
5 Tauren Chieftain
1 War Stomp
3 Endurance Aura
1 Shockwave
» actions
| Assign group hotkey | 10 | |
| Basic commands | 18 | |
| Build / train | 77 | |
| Enter build submenu | 28 | |
| Enter hero's abilities submenu | 12 | |
| Give item / drop item | 3 | |
| Remove unit from queue | 1 | |
| Right click | 628 | |
| Select / deselect | 219 | |
| Select group hotkey | 56 | |
| Use ability | 67 | |
1119 total
» units
» upgrades
| Shaman Training | 2 | |
| Armor | 3 | |
| Melee Weapons | 4 | |
9 total
» buildings
| Altar of Storms | 1 | |
| Orc Burrow | 6 | |
| Voodoo Lounge | 1 | |
| War Mill | 1 | |
| Stronghold | 1 | |
| Watch Tower | 10 | |
| Fortress | 1 | |
| Spirit Lodge | 1 | |
| Tauren Totem | 2 | |
| Great Hall | 3 | |
27 total
» build order
00:14 Altar of Storms
00:28 Orc Burrow
00:45 Voodoo Lounge
01:34 War Mill
02:52 Stronghold
02:58 Orc Burrow
03:23 Watch Tower
03:32 Orc Burrow
03:45 Orc Burrow
04:47 Watch Tower
04:57 Watch Tower
05:15 Fortress
06:12 Spirit Lodge
07:43 Tauren Totem
07:49 Tauren Totem
11:01 Great Hall
11:46 Orc Burrow
11:51 Orc Burrow
14:04 Watch Tower
15:03 Watch Tower
15:29 Great Hall
18:40 Great Hall
23:25 Watch Tower
26:23 Watch Tower
26:46 Watch Tower
26:49 Watch Tower
26:52 Watch Tower
» items
| Healing Salve | 5 | |
| Lesser Clarity Potion | 1 | |
| Orb of Lightning | 1 | |
7 total
God-Mode (
green | 21 APM | 781 actions | 37:14)
4 Blademaster
2 Wind Walk
2 Critical Strike
» actions
| Assign group hotkey | 10 | |
| Basic commands | 61 | |
| Build / train | 50 | |
| ESC pressed | 6 | |
| Enter build submenu | 30 | |
| Enter hero's abilities submenu | 4 | |
| Right click | 147 | |
| Select / deselect | 271 | |
| Select group hotkey | 142 | |
| Use ability | 60 | |
781 total
» units
| Peon | 13 | |
| Grunt | 7 | |
| Wind Rider | 10 | |
| Troll Batrider | 4 | |
34 total
» upgrades
| Berserker Strength | 1 | |
| Spiked Barricades | 1 | |
| Pillage | 1 | |
3 total
» buildings
| Altar of Storms | 1 | |
| Orc Burrow | 5 | |
| Barracks | 1 | |
| Stronghold | 3 | |
| Voodoo Lounge | 1 | |
| War Mill | 2 | |
| Beastiary | 3 | |
| Fortress | 2 | |
| Great Hall | 5 | |
| Watch Tower | 10 | |
33 total
» build order
00:05 Altar of Storms
00:25 Orc Burrow
00:48 Barracks
01:30 Orc Burrow
03:13 Stronghold
03:44 Voodoo Lounge
04:18 Orc Burrow
05:24 War Mill
05:40 Orc Burrow
07:00 Beastiary
07:15 Fortress
09:06 Great Hall
10:04 Watch Tower
10:10 Watch Tower
10:24 Watch Tower
13:01 Great Hall
13:48 Watch Tower
14:16 Stronghold
14:59 Watch Tower
17:09 Great Hall
17:18 Great Hall
22:25 Stronghold
24:48 Fortress
24:56 Orc Burrow
29:42 Beastiary
29:47 Beastiary
30:03 War Mill
32:56 Watch Tower
33:08 Watch Tower
33:13 Watch Tower
33:18 Watch Tower
33:22 Watch Tower
34:01 Great Hall
» items
| Potion of Healing | 2 | |
| Healing Salve | 1 | |
3 total
Chat log
(00:04 / All) Phallic_Quest: sorry teal
(00:06 / Allies) IHateRoy: if htey make air
(00:15 / Allies) IHateRoy: then you go gyros
(00:17 / Allies) IHateRoy: I'll scout
(00:19 / Allies) God-Mode: 3 orcs, jesus lol
(00:21 / Allies) cbenner66: melee
(00:36 / Allies) God-Mode: ill go windriders
(00:38 / Allies) IHateRoy: be prepared for BM rush
(00:42 / Allies) God-Mode: or mass bats? hmm
(01:27 / All) Phallic_Quest: I got fiends and or air
(01:29 / Allies) IHateRoy: be prepared for bm rush
(01:34 / Allies) God-Mode: k where
(01:45 / Allies) IHateRoy: at your base
(01:48 / Allies) God-Mode: k
(01:55 / Allies) IHateRoy: Oh
(01:58 / Allies) IHateRoy: We have the 2 bms lwal
(02:02 / Allies) IHateRoy: 3 orcs*
(02:08 / Allies) IHateRoy: here I was
(02:15 / Allies) IHateRoy: About to build a bunker
(02:21 / Allies) God-Mode: loll
(02:33 / Allies) IHATEORCS: hero rush
(02:51 / Allies) God-Mode: mines rdy too
(03:31 / Allies) IHateRoy: 100 gold someone
(03:46 / Allies) IHateRoy: ty
(06:50 / Allies) cbenner66: really teall
(06:55 / Allies) IHATEORCS: you're leeching my xp
(06:59 / Allies) IHATEORCS: and I will not let you steal my items
(07:05 / Allies) cbenner66: its called team work
(07:09 / Allies) cbenner66: ass wipe
(07:12 / Allies) cbenner66: try it sometime
(07:16 / Allies) IHATEORCS: kill yourself
(07:23 / Allies) God-Mode: come on boys, play nice :)
(07:54 / Allies) IHateRoy: tp
(08:01 / Allies) IHateRoy: repair stipid
(08:02 / Allies) IHateRoy: repair
(08:05 / Allies) IHATEORCS: 2 hero tp blue
(08:06 / Allies) IHATEORCS: pro
(08:21 / Allies) cbenner66: lol
(08:24 / Allies) cbenner66: now u gotta
(08:29 / Allies) cbenner66: hate on me too
(08:32 / Allies) cbenner66: pro
(08:35 / Allies) cbenner66: haha
(09:28 / Allies) IHATEORCS: red is doing more than you did in the entire game blue
(10:17 / Allies) IHATEORCS: looks like destros
(10:45 / Allies) IHATEORCS: wood
(10:55 / Allies) IHATEORCS: ty red
(11:02 / Allies) God-Mode: bastards messed me up :(
(11:11 / Allies) IHateRoy: I told you to repair
(11:17 / Allies) God-Mode: oh i wasnt listening lol
(11:19 / Allies) God-Mode: blah
(11:36 / Allies) IHateRoy: should have massed repair
(11:46 / Allies) God-Mode: yeah, fack
(15:40 / Allies) IHateRoy: b
(15:41 / Allies) IHateRoy: b
(16:13 / Allies) IHateRoy: rePAIR
(17:21 / Allies) God-Mode: grrr
(17:31 / Allies) IHATEORCS: I'mma force a tp
(18:54 / Allies) God-Mode: grrr im so behind :( argg
(19:02 / Allies) cbenner66: meet
(21:22 / Allies) IHATEORCS: good damn noob elves have blind countered my shit every game
(21:25 / Allies) IHATEORCS: *god
(21:41 / Allies) God-Mode: woot
(21:44 / Allies) God-Mode: 1 left lol
(21:48 / Allies) IHateRoy: help
(22:13 / Allies) IHATEORCS: green isn't t2 can't buy tp
(23:23 / Allies) IHateRoy: let's go ro
(24:37 / Allies) God-Mode: lol
(25:42 / All) God-Mode: aha
(25:43 / All) Phallic_Quest: good fight guys
(26:19 / All) IHATEORCS: don't leave
(26:22 / All) IHATEORCS: you won this round sir
(26:52 / Allies) God-Mode: uhhh teal? lol
(27:22 / Allies) cbenner66: ur awsome
(27:24 / Allies) IHATEORCS: ty
(27:27 / All) IHATEORCS: I raped blue and green
(27:30 / All) IHATEORCS: Our team shall lose purple
(27:34 / All) IHATEORCS: And you are the victor at the end
(27:37 / Allies) cbenner66: to bad i can do it to homo
(27:43 / Allies) cbenner66: iandill beat tanks dip shit
(27:57 / Allies) IHATEORCS: knights dip shit
(28:01 / Allies) IHATEORCS: LOL BLADESTORM
(28:29 / Allies) IHateRoy: lol
(28:42 / All) God-Mode: sigh
(29:26 / Allies) God-Mode: teal why?
(29:37 / Allies) IHATEORCS: You clowns were rude and suck, then wonder why you get bsed
(29:40 / Allies) IHATEORCS: It's despicable
(31:13 / Allies) God-Mode: red?
(31:17 / Allies) IHateRoy: Yeah?
(31:18 / Allies) IHateRoy: Leave fag
(31:27 / Allies) IHATEORCS: You lost green
(31:28 / Allies) IHATEORCS: Out
(31:34 / Allies) IHATEORCS: Leave and get a tie
(31:37 / Allies) IHATEORCS: Or stay and get a loss
(31:43 / Allies) God-Mode: tie?
(31:48 / Allies) God-Mode: sorry im new, never heard of it?
(31:51 / Allies) IHATEORCS: lol
(32:18 / All) IHATEORCS: We will not touch your shit purple but we cannot allow you to make a 400/400 army
(33:35 / Allies) God-Mode: hurry up red!
(33:37 / Allies) God-Mode: lawl
(33:54 / Allies) IHateRoy: "lol!"
(34:06 / All) God-Mode: >:)
(34:21 / Allies) IHateRoy: where is his two food
(34:28 / Allies) God-Mode: nigga gotta eat
(34:34 / Allies) IHATEORCS: 2 peons
(34:42 / All) God-Mode: NOOOOOOOOOOOOOOOOOo
(34:56 / Allies) God-Mode: i won vs your hero
(35:04 / Allies) God-Mode: lucky you ate your wheaties
(35:48 / All) IHateRoy: You and green have equal shot at winning
(35:52 / All) IHateRoy: Depends on who has the better internet
(36:00 / All) IHATEORCS: We are doing a "Mexican Standoff"
(36:05 / All) God-Mode: dial up here
(36:06 / All) IHATEORCS: We will kill everything include our own stuff
(36:14 / All) IHATEORCS: And then we will leave, with no attackign units left
(36:18 / All) IHATEORCS: Person with best internet wins
(36:30 / All) God-Mode: sure, i gotta sleep anyways, ill go afk :P
(36:35 / All) IHATEORCS: Sounds good